 Dungeon Crawl Stone Soup version 0.26-a0-317-ge2f3d4a7ca (webtiles) character file.

Game seed: 2873127710232859462

142 GameOver the Stinger (level 5, 42/42 HPs)
             Began as a Naga Venom Mage on July 16, 2020.
             Got out of the dungeon alive.
             The game lasted 00:16:26 (2152 turns).

GameOver the Stinger (Naga Venom Mage)              Turns: 2152, Time: 00:16:27

Health: 42/42      AC:  2    Str: 10    XL:     5   Next: 24%
Magic:  8/8        EV: 10    Int: 23    God:
Gold:   129        SH:  0    Dex: 11    Spells: 4/8 levels left

rFire    . . .     SeeInvis +   u - +0 trident
rCold    . . .     Faith    .   (no shield)
rNeg     . . .     Spirit   .   a - +0 robe
rPois    +         Reflect  .   (no helmet)
rElec    .         Harm     .   (no cloak)
rCorr    .                      (no gloves)
MR       .....                  (no barding)
Stlth    +++.......             (no amulet)
HPRegen  0.14/turn              A - +6 ring of intelligence
MPRegen  0.11/turn              (no ring)

@: very slow
A: large, see invisible, deformed body, poison resistance, slowness 2, spit
poison 1, AC +1
a: Spit Poison


You escaped.
You visited 1 branch of the dungeon, and saw 3 of its levels.

You collected 129 gold pieces.

Inventory:

Hand Weapons
 c - a +0 dagger {dead man pitchfork}
 t - a +0 hand crossbow
 u - a +0 trident (weapon)
Missiles
 y - 16 bolts
Armour
 a - a +0 robe (worn)
 f - a +1 pair of gloves
 x - a +0 kite shield
Jewellery
 n - an uncursed ring of magical power {unknown}
 A - a +6 ring of intelligence (left hand)
Wands
 r - a wand of iceblast (7)
Scrolls
 b - 2 scrolls of immolation {unknown}
 d - a scroll of blinking {unknown}
 e - 3 scrolls of remove curse {unknown}
 j - 2 scrolls of fear {unknown}
 l - a scroll of magic mapping {unknown}
 m - a scroll of teleportation {unknown}
 p - a scroll of enchant weapon {unknown}
 s - 3 scrolls of identify {unknown}
 w - a scroll of amnesia {unknown}
Potions
 g - 5 potions of curing {unknown}
 h - a potion of flight {unknown}
 i - a potion of ambrosia {unknown}
 k - a potion of degeneration {unknown}
 o - a potion of heal wounds {unknown}
 q - 2 potions of mutation {unknown}
 v - a potion of magic {unknown}
 z - a potion of lignification {unknown}


   Skills:
 - Level 1.5 Dodging
 + Level 4.4 Stealth
 - Level 2.0 Spellcasting
 + Level 0.7 Conjurations
 + Level 2.7 Transmutations
 + Level 0.6 Air Magic
 * Level 5.7 Poison Magic


You had 4 spell levels left.
You knew the following spells:

 Your Spells              Type           Power        Failure   Level
a - Sting                 Tmut/Pois      ###.         2%          1
d - Mephitic Cloud        Conj/Pois/Air  ##......     14%         3

Your spell library contained the following spells:

 Spells                   Type           Power        Failure   Level
 Poisonous Vapours        Pois/Air       ###...       5%          2
 Ignite Poison            Fire/Tmut/Pois ###.....     12%         3
 Olgreb's Toxic Radiance  Pois           ####....     12%         4


Dungeon Overview and Level Annotations

Branches:
Dungeon (3/15)

Altars:


Innate Abilities, Weirdness & Mutations

You cannot wear boots.
Your serpentine skin is tough. (AC +1)
You have supernaturally acute eyesight. (SInv)
Armour fits poorly on your strangely shaped body.
Your system is resistant to poisons. (rPois)
You cover ground very slowly.
You can spit poison.


Message History

Aim: a giant cockroach (asleep)
The splash of poison hits the giant cockroach.
The giant cockroach is poisoned.
The giant cockroach is severely wounded.
You kill the giant cockroach!
(D) Dungeon
Where to? (Enter - D:1, ? - help)
You have got your breath back.
Found 12 gold pieces.
Things that are here:
a +0 ring mail; a cursed -2 hand axe
There is a stone staircase leading up here.
You climb upwards.
There is a stone staircase leading down here.
There is a stone staircase leading up here.
You climb upwards.
There is a stone staircase leading down here.
There is a staircase leading out of the dungeon here.
Are you sure you want to leave the Dungeon?
This will make you lose the game!
You have escaped!

.#............########.#
#......# .####.##.##.##.###.#
#.# #.###.##
..####.....###.....# #.###.###.#
..........####.#.#.###.##..†##.#
..#####...##.........#.#.....#.#
..##########.#.#.#.#.###.......#
..##...........#.#.............#
..##.#####.#.###.###.#.#......##
..##.# #......@......#.....## #
..##.#####.#.###.###.#.##...## #
...............#.#......##.## #
#.##.#######.#.#.#.#.#####.# #
..##.# #.........# #.# # ####.#
###.#.#.### #.# # .....# #.....#
#.# # ###### ##.###.#######.# #
#.....[..(.....# #


There were no monsters in sight!

Vanquished Creatures
  Terence (D:2)
  3 adders
  8 worms
  A dart slug (D:1)
  4 leopard geckos
  An orc (D:3)
  A giant cockroach (D:3)
  5 goblins
  5 hobgoblins
  4 jackals (D:2)
  2 quokkas
  6 bats
  11 frilled lizards
  8 kobolds
  3 rats
63 creatures vanquished.

Notes
Turn   | Place    | Note
-------+----------+-------------------------------------------
     0 | D:1      | GameOver the Naga Venom Mage began the quest for the Orb.
     0 | D:1      | Reached XP level 1. HP: 15/15 MP: 3/3
    91 | D:1      | Reached XP level 2. HP: 22/22 MP: 3/5
   707 | D:2      | Reached XP level 3. HP: 28/28 MP: 6/6
   876 | D:2      | Reached skill level 5 in Poison Magic
   930 | D:2      | Learned a level 3 spell: Mephitic Cloud
  1112 | D:2      | Reached XP level 4. HP: 36/36 MP: 7/7
  1557 | D:2      | Noticed Terence
  1577 | D:2      | Killed Terence
  1589 | D:2      | Reached XP level 5. HP: 37/42 MP: 5/8
  2152 | D:$      | Got out of the dungeon alive.

Illustrated notes

Levels and vault maps discovered:
D:1:      roderic_chinese_lattice_arrival, layout_loops_ring
D:2:      layout_basic, grunt_decor_resistance, uniq_terence
D:3:      layout_loops_cross

Skill      XL: |  1  2  3  4 |
---------------+-------------+-----
Transmutations | 2 |  2.7
Poison Magic   | 5 |  5.7
Stealth        | 4 |  4.4
Dodging        | |  1.5
Spellcasting   | |  2.0
Conjurations   | |  0.7
Air Magic      | |  0.6

Action                   |  1- 3 |  4- 6 || total
-------------------------+-------+-------++-------
Melee: Dagger            |    28 |     2 ||    30
       Trident           |       |     1 ||     1
 Cast: Sting             |    33 |    25 ||    58
 Abil: Spit Poison       |    33 |    33 ||    66
 Stab: Sleeping          |     1 |     2 ||     3
Armor: Robe              |    14 |     1 ||    15
Dodge: Dodged            |    30 |     6 ||    36

Table legend:
 A = Non-vault XP
 B = Vault XP
 C = Vault XP percentage of total XP
 D = Non-vault monster count
 E = Vault monster count
 F = Vault count percentage of total count
                 A         B        C        D         E       F
            +---------+---------+-------+---------+---------+-------
      Total |     167 |      36 |  17.7 |      62 |       1 |   1.6
            +---------+---------+-------+---------+---------+-------
        D:1 |      31 |       0 |   0.0 |      18 |       0 |   0.0
        D:2 |     102 |      36 |  26.1 |      34 |       1 |   2.9
        D:3 |      34 |       0 |   0.0 |      10 |       0 |   0.0
            +---------+---------+-------+---------+---------+-------
